cohdb
Replays
Latest Replays
All Replays
Popular Replays
Top Player Replays
Match Explorer
How It Works
Community
CoH3 Stats
Reddit
Sign in to upload your games and track your stats! →
Sign in with Steam
Match 46512070
Unlisted
Match 46512070
Overview
Messages
Build Orders
End
Scout Squad
Construct Weapon Support Center
Selects Heavy Weapons
M1919 Machine Gun Team
M1919 Machine Gun Team
M1919 Machine Gun Team
Infantry Support Center
Engineer Squad
M3 Armored Personnel Carrier
Selects Assault Carriers
Selects Exchangeable Parts
Bazooka Squad
//////////////////
Dark Lord Cthulhu
0
0
Comments
sign in to comment!
No comments posted yet!